 Dungeon Crawl Stone Soup version 0.22-b1-26-g9dbaab1 (webtiles) character file.

263 zishaf the Shield-Bearer (level 6, 0/49 HPs)
             Began as a Formicid Fighter on Aug 7, 2018.
             Was a Follower of Cheibriados.
             Slain by Pikel
             ... wielding a +1 whip of flaming
              (1 damage)
             ... on level 7 of the Dungeon.
             The game lasted 00:06:24 (2707 turns).

zishaf the Shield-Bearer (Formicid Fighter)         Turns: 2707, Time: 00:06:25

Health: 0/49       AC: 13    Str: 25    XL:     6   Next: 42%
Magic:  6/6        EV:  5    Int: 10    God:    Cheibriados [*.....]
Gold:   127        SH: 11    Dex: 14    Spells: 5/5 levels left

rFire    . . .     SeeInvis +   a - +0 quarterstaff
rCold    . . .     Gourm    .   c - +0 shield
rNeg     . . .     Faith    .   l - +0 plate armour (curse)
rPois    .         Spirit   .   (helmet unavailable)
rElec    .         Reflect  .   (no cloak)
rCorr    .         Harm     .   t - +0 pair of gloves
MR       .....                  (no boots)
Stlth    ..........             (no amulet)
HPRegen  0.16/turn              s - ring of teleportation (curse)
MPRegen  0.10/turn              (no ring)

@: very slow
A: permanent stasis, dig shafts and tunnels, four strong arms, antennae 3
a: Dig, Shaft Self, Bend Time, Renounce Religion


You were on level 7 of the Dungeon.
You worshipped Cheibriados.
Cheibriados was aware of your devotion.
You were not hungry.

You visited 1 branch of the dungeon, and saw 5 of its levels.

You collected 127 gold pieces.

Inventory:

Hand Weapons
 a - a +0 quarterstaff (weapon)
Missiles
 p - 8 javelins of penetration (quivered)
Armour
 c - a +0 shield (worn)
 l - a cursed +0 plate armour (worn)
 t - a +0 pair of gloves (worn)
Jewellery
 s - a cursed ring of teleportation (left hand)
Scrolls
 h - a scroll of blinking {unknown}
 i - 2 scrolls of teleportation {unknown}
 j - a scroll of noise {unknown}
 k - a scroll of amnesia {unknown}
 o - 2 scrolls of enchant weapon {unknown}
 u - a scroll of immolation {unknown}
 w - a scroll of identify {unknown}
Potions
 b - a potion of agility {unknown}
 d - 2 potions of might
 e - 2 potions of mutation {unknown}
 m - a potion of lignification {unknown}
 n - a potion of haste {unknown}
 q - 2 potions of curing {unknown}
 r - 2 potions of brilliance {unknown}
 v - a potion of heal wounds {unknown}
Comestibles
 f - 5 rations
 g - 5 chunks of flesh


   Skills:
 + Level 4.4 Fighting
 + Level 3.3 Staves
 + Level 4.4 Armour
 * Level 5.6 Shields


You had 5 spell levels left.
You didn't know any spells.
Your spell library was empty.

Dungeon Overview and Level Annotations

Branches:
Dungeon (4/15)
 Temple: D:4-7

Altars:
Ashenzari
Cheibriados
Gozag
Makhleb
Uskayaw
Wu Jian
The Shining One

Annotations:
D:1 water wATER
D:7 Pikel


Innate Abilities, Weirdness & Mutations

You cannot be hasted, slowed, berserked, paralysed or teleported.
You can dig through walls and to a lower floor.
Your four strong arms can wield two-handed weapons with a shield.
You have a pair of large antennae on your head. (SInv)


Message History

You are no longer corroded.
Pikel hits you but does no damage.
You completely miss Pikel.
Pikel is severely wounded.
You block Pikel's attack.
You barely miss Pikel.
Pikel is severely wounded.
You block Pikel's attack.
You closely miss Pikel.
Pikel is severely wounded.
Pikel hits you with a whip of flaming!
* * * LOW HITPOINT WARNING * * *
Pikel burns you.
* * * LOW HITPOINT WARNING * * *
Your shield and plate armour prevent you from hitting Pikel.
Pikel is severely wounded.
Pikel hits you with a whip of flaming.
* * * LOW HITPOINT WARNING * * *
Pikel burns you.
You die...

#{ #. #.# #. #.## #.# ##.#
...# #.# ##...# #..# #..
#.....# #..# ########.#
....[..### #..####........#
..._...K{# #..##..........#
...p..{#p###..##.#.########
#.p..?##pK@........##......
##...# #####..#######.#####
##.########..#######.# #
.:.><................# #
### #################.# #
#+# # { . #


You could see Pikel, 2 slaves and a kobold.

Vanquished Creatures
  A crimson imp (D:3)
  A jelly (D:7)
  An iguana (D:2)
  An orc wizard (D:3)
  A worker ant (D:7)
  A gnoll (D:1)
  2 oozes (D:2)
  An adder skeleton (D:3)
  5 worms
  4 dart slugs
  2 leopard geckos
  5 orcs
  15 bats
  2 giant cockroaches
  4 goblins
  6 hobgoblins
  5 jackals
  2 quokkas (D:3)
  2 ball pythons
  4 frilled lizards
  9 kobolds
  9 rats
83 creatures vanquished.

Vanquished Creatures (others)
  An ogre (D:7)
  A bullfrog (D:7)
  An adder skeleton (D:7)
3 creatures vanquished.

Grand Total: 86 creatures vanquished

Notes
Turn   | Place    | Note
-------+----------+-------------------------------------------
     0 | D:1      | zishaf the Formicid Fighter began the quest for the Orb.
     0 | D:1      | Reached XP level 1. HP: 18/18 MP: 1/1
   110 | D:1      | Reached XP level 2. HP: 24/24 MP: 2/2
   379 | D:1      | Reached XP level 3. HP: 29/29 MP: 3/3
   390 | D:1      | Reached skill level 4 in Shields
  1014 | D:2      | Found a hide-covered altar of Uskayaw.
  1127 | D:2      | Reached XP level 4. HP: 13/37 MP: 4/4
  1530 | D:2      | Reached XP level 5. HP: 34/42 MP: 5/5
  1575 | D:2      | Found an opulent altar of Gozag.
  1973 | D:3      | Found a burning altar of Makhleb.
  2005 | D:3      | Reached skill level 5 in Shields
  2098 | D:3      | Found an ornate altar of the Wu Jian Council.
  2269 | D:3      | Found a faded altar of an unknown god.
  2290 | D:3      | Became a worshipper of Cheibriados the Contemplative
  2290 | D:3      | Reached * piety under Cheibriados
  2430 | D:3      | Reached XP level 6. HP: 49/49 MP: 6/6
  2581 | D:4      | You fall through a shaft for 3 floors!
  2596 | D:7      | Killed an ogre
  2623 | D:7      | Found a glowing golden altar of the Shining One.
  2685 | D:7      | Found a shattered altar of Ashenzari.
  2685 | D:7      | Noticed a slave
  2685 | D:7      | Noticed a slave
  2685 | D:7      | Noticed a slave
  2686 | D:7      | Noticed Pikel
  2686 | D:7      | Noticed a slave
  2707 | D:7      | HP: 1/49 [Pikel/whip of flaming (4)]
  2707 | D:7      | Slain by Pikel

Skill      XL: |  1  2  3  4  5 |
---------------+----------------+-----
Shields        | 4 5 |  5.6
Fighting       | 4 |  4.4
Armour         | 4 |  4.4
Staves         | 3 |  3.3

Action                   |  1- 3 |  4- 6 || total
-------------------------+-------+-------++-------
Melee: Quarterstaff      |   103 |   207 ||   310
Throw: Javelin           |     3 |       ||     3
  Eat: Chunk             |     1 |     5 ||     6
Armor: Scale mail        |    36 |       ||    36
       Plate armour      |    28 |   109 ||   137
Dodge: Dodged            |    15 |    45 ||    60
Block: Shield            |    55 |   113 ||   168
